 Dungeon Crawl Stone Soup version 0.23.2-1-ga50397a (webtiles) character file.

Game seed: 4274732744945828552

4274 Borgoz the Carver (level 10, -6/132 HPs)
             Began as a Minotaur Gladiator on May 26, 2019.
             Was an Initiate of Ashenzari.
             Mangled by a crocodile (8 damage)
             ... on level 8 of the Dungeon.
             The game lasted 00:09:50 (7686 turns).

Borgoz the Carver (Minotaur Gladiator)              Turns: 7686, Time: 00:09:52

Health: -6/132     AC: 25    Str: 17 (20) XL:     10   Next: 10%
Magic:  9/9        EV:  2    Int:  7 (10) God:    Ashenzari [......]
Gold:   292        SH:  0    Dex: 12 (14) Spells: 9/9 levels left

rFire    + . .     SeeInvis .   q - +8 quarterstaff of Yhifro Bavai {venom, Stlth+}
rCold    + . .     Gourm    .   (shield currently unavailable)
rNeg     + + +     Faith    .   (armour currently unavailable)
rPois    +         Spirit   .   (helmet currently unavailable)
rElec    +         Reflect  .   (cloak currently unavailable)
rCorr    +         Harm     .   (gloves currently unavailable)
MR       .....     NoTele   +   (boots currently unavailable)
Stlth    ++........             (no amulet)
HPRegen  0.32/turn              (no ring)
MPRegen  0.11/turn              (no ring)

@: brilliant, tree-form, resistant
A: (retaliatory headbutt)
a: Curse Item, Renounce Religion


You were on level 8 of the Dungeon.
You worshipped Ashenzari.
Ashenzari was noncommittal.
You were not hungry.
You were a tree.
You visited 2 branches of the dungeon, and saw 9 of its levels.

You collected 453 gold pieces.
You spent 161 gold pieces at shops.

Inventory:

Hand Weapons
 a - a +0 long sword
 b - a +2 vampiric rapier
 q - the +8 quarterstaff of Yhifro Bavai (weapon) {venom, Stlth+}
   (You found it on level 8 of the Dungeon)

   It poisons the flesh of those it strikes.
   It makes you more stealthy.
 J - a cursed +0 great sword
Armour
 p - a +2 cloak (melded)
 t - a cursed +0 plate armour (melded)
Jewellery
 z - an uncursed amulet of the gourmand
 G - an uncursed ring of magical power
Wands
 c - a wand of iceblast (6)
 g - a wand of flame (17)
 n - a wand of scattershot (5)
 x - a wand of polymorph (6)
 D - a wand of random effects (7)
Scrolls
 e - 4 scrolls of enchant armour {unknown}
 l - 2 scrolls of blinking {unknown}
 m - 3 scrolls of teleportation
 o - a scroll of fog {unknown}
 s - 4 scrolls of remove curse
 v - a scroll of random uselessness {unknown}
 y - 2 scrolls of identify
 C - a scroll of immolation {unknown}
 E - a scroll of acquirement {unknown}
 F - 2 scrolls of enchant weapon {unknown}
 H - a scroll of noise {unknown}
 I - 2 scrolls of amnesia {unknown}
Potions
 j - a potion of might
 k - a potion of magic
 w - a potion of brilliance
 B - a potion of flight
Comestibles
 f - 18 rations


   Skills:
 + Level 8.2 Fighting
 * Level 11.5 Long Blades
 - Level 2.0 Throwing
 + Level 7.8 Armour
 + Level 7.9 Dodging


You had 9 spell levels left.
You didn't know any spells.
Your spell library contained the following spells:

 Spells                   Type           Power        Failure   Level  Hunger
 Animate Skeleton         Necr           N/A          5%          1    ##.....
 Apportation              Tloc           #.....       5%          1    ##.....
 Confusing Touch          Hex            #.....       5%          1    ##.....
 Corona                   Hex            #......      5%          1    ##.....
 Sandblast                Erth           #.....       5%          1    ##.....
 Summon Small Mammal      Summ           #...         5%          1    ##.....
 Call Imp                 Summ           #.......     8%          2    ###....
 Ensorcelled Hibernation  Hex/Ice        #.....       8%          2    ###....
 Passwall                 Tmut/Erth      #.......     8%          2    ###....
 Call Canine Familiar     Summ           #.......     14%         3    ####...
 Confuse                  Hex            #.......     14%         3    ####...
 Dazzling Spray           Conj/Hex       #.....       14%         3    ####...
 Stone Arrow              Conj/Erth      #.....       14%         3    ####...
 Summon Guardian Golem    Hex/Summ       #.......     14%         3    ####...
 Tukima's Dance           Hex            #.......     14%         3    ####...
 Petrify                  Tmut/Erth      #.......     41%         4    #####..
 Summon Ice Beast         Ice/Summ       #.......     41%         4    #####..
 Summon Lightning Spire   Summ/Air       #.......     41%         4    #####..
 Lee's Rapid Deconstruct  Erth           #.........   71%         5    ######.


Dungeon Overview and Level Annotations

Branches:
Dungeon (8/15)             Temple (1/1) D:7            Lair (0/6) D:8

Altars:
Ashenzari
Cheibriados
Dithmenos
Elyvilon
Fedhas
Gozag
Hepliaklqana
Kikubaaqudgha
Makhleb
Nemelex Xobeh
Okawaru
Qazlal
Ru
Sif Muna
Trog
Uskayaw
Vehumet
Wu Jian
Xom
Yredelemnul
Zin
The Shining One

Shops:
D:4 ?   D:5 (


Innate Abilities, Weirdness & Mutations

((You reflexively headbutt those who attack you in melee.))
((You have a pair of horns on your head.))


Message History

It was a potion of brilliance.
You feel clever all of a sudden. The crocodile barely misses you.
It was a potion of degeneration.
There was something very wrong with that liquid.
You feel weakened.
You feel dopey.
You feel clumsy. The crocodile closely misses you.
It was a potion of resistance.
You feel protected. The crocodile closely misses you. You furiously retaliate!
You headbutt the crocodile, but do no damage.
It was a potion of flight.
You feel very buoyant.
You fly up into the air.
The crocodile bites you!
* * * LOW HITPOINT WARNING * * *
It was a potion of lignification.
You turn into a tree.
Your +2 cloak melds into your body.
Your cursed +0 plate armour melds into your body.
Your roots penetrate the ground.
The crocodile bites you!
You die...

##########.......###...#....###..
+........'.......+...............
###......#.......###...#....###.#
#......#.......###...#....###.#
#......#.............#..#÷÷.#.#
#......#######.......#......#.#
#.......# #.........#......#
#.......# ###...............##
#.......# ##.#♣.......#####....
#.......###..t#+##....# ##.##
#.......##.......#....# #...
#####...#........#....# ####
####.....(......#....#
#.....####.....## ### #.....#
........ #.....# .P........
#.....†........P..


You could see a crocodile.

Vanquished Creatures
  A two-headed ogre (D:6)
  A hippogriff (D:8)
  Sigmund (D:5)
  A spriggan (D:7)
  A wyvern (D:8)
  A yak (D:8)
  2 ice beasts
  3 sky beasts
  A black bear (D:7)
  2 necrophages
  A phantom (D:6)
  2 centaurs
  An ogre (D:4)
  3 bullfrogs
  4 scorpions
  3 killer bees (D:8)
  3 wights (D:8)
  3 howler monkeys
  3 crimson imps
  A gnoll shaman (D:7)
  A jelly (D:7)
  3 orc wizards
  Crazy Yiuf (D:4)
  5 orc priests
  Natasha (thrice) (D:4)
  Terence (D:3)
  6 worker ants
  A hound skeleton (D:7)
  Robin (D:4)
  13 gnolls
  13 adders
  A howler monkey skeleton (D:5)
  A white imp (D:8)
  2 oozes
  An adder zombie (D:6)
  4 worms
  3 dart slugs
  A leopard gecko (D:8)
  18 orcs
  2 giant cockroaches
  15 goblins
  5 hobgoblins
  13 jackals
  4 quokkas
  3 ball pythons
  8 bats
  6 frilled lizards
  5 kobolds
  A leopard gecko skeleton (D:6)
  3 rats
182 creatures vanquished.

Notes
Turn   | Place    | Note
-------+----------+-------------------------------------------
     0 | D:1      | Borgoz the Minotaur Gladiator began the quest for the Orb.
     0 | D:1      | Reached XP level 1. HP: 18/18 MP: 0/0
   510 | D:1      | Reached XP level 2. HP: 25/25 MP: 1/1
   637 | D:1      | Reached skill level 4 in Long Blades
  1064 | D:2      | Reached skill level 1 in Armour
  1158 | D:2      | Reached XP level 3. HP: 20/30 MP: 2/2
  1299 | D:2      | Reached XP level 4. HP: 17/38 MP: 3/3
  1590 | D:2      | Found a faded altar of an unknown god.
  1883 | D:3      | Reached skill level 5 in Long Blades
  1971 | D:3      | Noticed Terence
  1979 | D:3      | Killed Terence
  1979 | D:3      | Reached XP level 5. HP: 36/45 MP: 4/4
  2438 | D:3      | Reached skill level 6 in Long Blades
  2438 | D:3      | Reached XP level 6. HP: 15/52 MP: 5/5
  3014 | D:4      | Noticed Robin
  3019 | D:4      | Killed Robin
  3087 | D:4      | Found a runed translucent door.
  3088 | D:4      | Noticed Crazy Yiuf
  3451 | D:4      | Noticed Natasha
  3455 | D:4      | Killed Natasha
  3455 | D:4      | Reached XP level 7. HP: 60/60 MP: 6/6
  3459 | D:4      | Reached skill level 7 in Long Blades
  3587 | D:4      | Noticed Natasha
  3594 | D:4      | Killed Natasha
  3594 | D:4      | Reached skill level 5 in Dodging
  3766 | D:4      | Found Ifoa's Magic Scroll Emporium.
  3821 | D:4      | Noticed Natasha
  3826 | D:4      | Killed Natasha
  3846 | D:4      | Killed Crazy Yiuf
  3888 | D:5      | Entered Level 5 of the Dungeon
  3947 | D:5      | Found Asomp's Antique Weapon Emporium.
  3955 | D:5      | Bought a glowing rapier for 161 gold pieces
  3986 | D:5      | Reached skill level 5 in Fighting
  4090 | D:5      | Noticed Sigmund
  4119 | D:5      | Killed Sigmund
  4119 | D:5      | Reached skill level 8 in Long Blades
  4119 | D:5      | Reached XP level 8. HP: 46/69 MP: 7/7
  4501 | D:5      | Found a sacrificial altar of Ru.
  4663 | D:5      | Reached skill level 5 in Armour
  5647 | D:6      | Noticed a two-headed ogre
  5661 | D:6      | Killed a two-headed ogre
  5661 | D:6      | Reached skill level 9 in Long Blades
  5661 | D:6      | Reached XP level 9. HP: 29/78 MP: 8/8
  6005 | D:6      | Reached skill level 10 in Long Blades
  6246 | D:7      | Found a staircase to the Ecumenical Temple.
  6326 | Temple   | Entered the Ecumenical Temple
  6332 | Temple   | Became a worshipper of Ashenzari the Shackled
  7207 | D:7      | Found a deep blue altar of Sif Muna.
  7250 | D:8      | Reached skill level 11 in Long Blades
  7544 | D:8      | Got the quarterstaff of Yhifro Bavai {venom, Stlth+}
  7545 | D:8      | Identified the +8 quarterstaff of Yhifro Bavai {venom,
                  | Stlth+} (You found it on level 8 of the Dungeon)
  7607 | D:8      | Reached XP level 10. HP: 79/87 MP: 9/9
  7647 | D:8      | Found a staircase to the Lair.
  7647 | D:8      | Noticed an elephant
  7685 | D:8      | HP: 1/88 [crocodile (10)]
  7686 | D:8      | Mangled by a crocodile

Skill      XL: |  1  2  3  4  5  6  7  8  9 |
---------------+----------------------------+-----
Long Blades    | 4 5 6 8 9 11 | 11.5
Armour         | 1 2 3 4 6 7 |  7.8
Fighting       | 3 4 5 6 8 |  8.2
Dodging        | 4 5 6 7 |  7.9
Throwing       | |  2.0

Action                   |  1- 3 |  4- 6 |  7- 9 | 10-12 || total
-------------------------+-------+-------+-------+-------++-------
Melee: Long sword        |    71 |   149 |   314 |       ||   534
       Headbutt          |     8 |    31 |    90 |     6 ||   135
       Quarterstaff      |       |       |    17 |    21 ||    38
Throw: Throwing net      |       |       |     3 |     1 ||     4
Evoke: Wand              |       |       |     1 |       ||     1
  Use: Potion            |     1 |       |     4 |     9 ||    14
       Scroll            |       |     7 |       |       ||     7
 Stab: Invisible         |       |       |     5 |       ||     5
       Held in net/web   |       |       |     3 |       ||     3
  Eat: Chunk             |     1 |     7 |    14 |       ||    22
Armor: Ring mail         |    28 |    43 |     3 |       ||    74
       Leather armour    |     2 |       |       |       ||     2
       Plate armour      |       |       |   211 |    48 ||   259
Dodge: Dodged            |    50 |   121 |   170 |    34 ||   375
       Rpst.: Long sword |    18 |    29 |    36 |       ||    83
